PBL
MIAMI BEACH MARLINS @ TIJUANA TOROS
09/18/2049
 
TOP OF THE 1ST
Miami Beach Marlins batting - Pitching for Tijuana Toros : RHP Jose Diaz
Pitching: RHP Jose Diaz
Batting: SHB Emmet Brickowski 0-0: Ball
1-0: Ball
2-0: Ball
3-0: Foul Ball, location: 2F
3-1: Called Strike
3-2: Foul Ball, location: 2F
3-2: Ground out 4-3 (Groundball, 4, EV 83.8 MPH)
Batting: LHB Henry Huezo 0-0: Ball
1-0: Fly out, F6 (Popup, 6MS, EV 72.5 MPH)
Batting: RHB Orlando Melendres 0-0: Foul Ball, location: 2F
0-1: Ball
1-1: Ball
2-1: Foul Ball, location: 2F
2-2: Strikes out looking
Top of the 1st over - 0 runs, 0 hits, 0 errors, 0 left on base; Miami Beach 0 - Tijuana 0
BOTTOM OF THE 1ST
Tijuana Toros batting - Pitching for Miami Beach Marlins : RHP Todd Huber
Pitching: RHP Todd Huber
Batting: RHB Alex Diaz 0-0: Foul Ball, location: 2F
0-1: Called Strike
0-2: Strikes out swinging
Batting: RHB Jerry Afghani 0-0: Ball
1-0: Ball
2-0: Called Strike
2-1: Ball
3-1: Base on Balls
Batting: RHB Tan-ming Kwan 0-0: Ball
1-0: Ball
2-0: Grounds into double play, 3-6-1 (Groundball, 3, EV 83.1 MPH)
Bottom of the 1st over - 0 runs, 0 hits, 0 errors, 0 left on base; Miami Beach 0 - Tijuana 0
TOP OF THE 2ND
Miami Beach Marlins batting - Pitching for Tijuana Toros : RHP Jose Diaz
Batting: RHB Scott Talbot 0-0: Ball
1-0: Ground out 5-3 (Groundball, 5S, EV 81.9 MPH)
Batting: RHB Jim Smallwood 0-0: Ball
1-0: Ball
2-0: Called Strike
2-1: Called Strike
2-2: Fly out, F8 (Line Drive, 8LD, EV 88.8 MPH)
Batting: SHB Brent King 0-0: Ball
1-0: Ball
2-0: Fly out, F7 (Flyball, 7LD, EV 97.5 MPH)
Top of the 2nd over - 0 runs, 0 hits, 0 errors, 0 left on base; Miami Beach 0 - Tijuana 0
BOTTOM OF THE 2ND
Tijuana Toros batting - Pitching for Miami Beach Marlins : RHP Todd Huber
Batting: RHB Mario Diaz 0-0: Ball
1-0: Ball
2-0: SINGLE (Groundball, 56D, EV 101.9 MPH)
Batting: RHB Guillermo Puente 0-0: Ball
1-0: Ball
2-0: Ball
3-0: Foul Ball, location: 2F
3-1: Foul Ball, location: 2F
3-2: Strikes out swinging
Batting: RHB Jesus Herrera 0-0: Swinging Strike
0-1: Ball
1-1: Ball
2-1: Foul Ball, location: 2F
2-2: Ball
3-2: Foul Ball, location: 2F
3-2: Grounds into double play, 5-4-3 (Groundball, 56, EV 86.9 MPH)
Bottom of the 2nd over - 0 runs, 1 hit, 0 errors, 0 left on base; Miami Beach 0 - Tijuana 0
TOP OF THE 3RD
Miami Beach Marlins batting - Pitching for Tijuana Toros : RHP Jose Diaz
Batting: RHB Chris Harlow 0-0: Ground out 6-3 (Groundball, 56, EV 91.2 MPH)
Batting: RHB Dustin Baker 0-0: Called Strike
0-1: Swinging Strike
0-2: Ball
1-2: Fly out, F7 (Line Drive, 7, EV 111.2 MPH)
Batting: RHB Mike Day 0-0: Ball
1-0: Ball
2-0: Ball
3-0: Base on Balls
Batting: SHB Emmet Brickowski 0-0: Called Strike
0-1: Foul Ball, location: 2F
0-2: Foul Ball, location: 2F
0-2: Foul Ball, location: 2F
0-2: Ball
1-2: Ground out 4-3 (Groundball, 34S, EV 86.9 MPH)
Top of the 3rd over - 0 runs, 0 hits, 0 errors, 1 left on base; Miami Beach 0 - Tijuana 0
BOTTOM OF THE 3RD
Tijuana Toros batting - Pitching for Miami Beach Marlins : RHP Todd Huber
Batting: RHB John Hanson 0-0: Swinging Strike
0-1: Foul Ball, location: 2F
0-2: Ball
1-2: Ball
2-2: SINGLE (Line Drive, 89M, EV 91.2 MPH)
Batting: LHB Jose Diaz 0-0: Ball
Wild Pitch!
John Hanson to second
1-0: Ball
2-0: Called Strike
2-1: Foul Ball, location: 2F
2-2: Ball
3-2: Base on Balls
Batting: RHB Clay Holgate 0-0: Called Strike
0-1: Swinging Strike
0-2: Strikes out looking
Batting: RHB Alex Diaz 0-0: Foul Ball, location: 2F
0-1: Foul Ball, location: 2F
0-2: Ball
1-2: Ball
2-2: Fly out, F7 (Line Drive, 7S, EV 90.0 MPH)
Batting: RHB Jerry Afghani 0-0: Ball
1-0: Foul Ball, location: 2F
1-1: Foul Ball, location: 2F
1-2: TRIPLE (Line Drive, 89XD, EV 101.9 MPH)
John Hanson scores
Jose Diaz scores
Batting: RHB Tan-ming Kwan 0-0: Ball
1-0: Ball
2-0: Foul Ball, location: 2F
2-1: Called Strike
2-2: Foul Ball, location: 2F
2-2: Strikes out looking
Bottom of the 3rd over - 2 runs, 2 hits, 0 errors, 1 left on base; Miami Beach 0 - Tijuana 2
TOP OF THE 4TH
Miami Beach Marlins batting - Pitching for Tijuana Toros : RHP Jose Diaz
Batting: LHB Henry Huezo 0-0: Ball
1-0: Ball
2-0: Called Strike
2-1: Ball
3-1: Foul Ball, location: 2F
3-2: Ground out 4-3 (Groundball, 4M, EV 110.6 MPH)
Batting: RHB Orlando Melendres 0-0: Ball
1-0: Ground out 6-3 (Groundball, 6, EV 87.5 MPH)
Batting: RHB Scott Talbot 0-0: Foul Ball, location: 2F
0-1: Ball
1-1: Foul Ball, location: 2F
1-2: Ball
2-2: Foul Ball, location: 2F
2-2: Foul Ball, location: 2F
2-2: Foul Ball, location: 2F
2-2: Foul Ball, location: 2F
2-2: Fly out, F9 (Flyball, 9S, EV 91.2 MPH)
Top of the 4th over - 0 runs, 0 hits, 0 errors, 0 left on base; Miami Beach 0 - Tijuana 2
BOTTOM OF THE 4TH
Tijuana Toros batting - Pitching for Miami Beach Marlins : RHP Todd Huber
Batting: RHB Mario Diaz 0-0: Ball
1-0: Called Strike
1-1: Foul Ball, location: 2F
1-2: Foul Ball, location: 2F
1-2: Strikes out swinging
Batting: RHB Guillermo Puente 0-0: Called Strike
0-1: Ball
1-1: Foul Ball, location: 2F
1-2: Ball
2-2: Foul Ball, location: 2F
2-2: Ball
3-2: Foul Ball, location: 2F
3-2: Base on Balls
Batting: RHB Jesus Herrera 0-0: Ball
1-0: Swinging Strike
1-1: Ball
Guillermo Puente steals 2nd base
2-1: Ball
3-1: Fly out, F7 (Flyball, 78M, EV 84.4 MPH)
Batting: RHB John Hanson 0-0: Ball
1-0: Swinging Strike
1-1: Ball
2-1: Ball
3-1: Foul Ball, location: 2F
3-2: Foul Ball, location: 2F
3-2: Strikes out swinging
Bottom of the 4th over - 0 runs, 0 hits, 0 errors, 1 left on base; Miami Beach 0 - Tijuana 2
TOP OF THE 5TH
Miami Beach Marlins batting - Pitching for Tijuana Toros : RHP Jose Diaz
Batting: RHB Jim Smallwood 0-0: Ball
1-0: Ball
2-0: Ground out 6-3 (Groundball, 6, EV 101.2 MPH)
Batting: SHB Brent King 0-0: Ball
1-0: Ball
2-0: Ball
3-0: Fly out, F8 (Flyball, 8RD, EV 77.5 MPH)
Batting: RHB Chris Harlow 0-0: Ball
1-0: Ball
2-0: Called Strike
2-1: Fly out, F8 (Flyball, 8RD, EV 101.9 MPH)
Top of the 5th over - 0 runs, 0 hits, 0 errors, 0 left on base; Miami Beach 0 - Tijuana 2
BOTTOM OF THE 5TH
Tijuana Toros batting - Pitching for Miami Beach Marlins : RHP Todd Huber
Batting: LHB Jose Diaz 0-0: Called Strike
0-1: Foul Ball, location: 2F
0-2: Ball
1-2: Ball
2-2: Ball
3-2: Fly out, F8 (Line Drive, 78M, EV 91.2 MPH)
Batting: RHB Clay Holgate 0-0: Called Strike
0-1: Ground out U3 (Groundball, 3, EV 78.8 MPH)
Batting: RHB Alex Diaz 0-0: Ground out 6-3 (Groundball, 6, EV 106.2 MPH)
Bottom of the 5th over - 0 runs, 0 hits, 0 errors, 0 left on base; Miami Beach 0 - Tijuana 2
TOP OF THE 6TH
Miami Beach Marlins batting - Pitching for Tijuana Toros : RHP Jose Diaz
Batting: RHB Dustin Baker 0-0: Called Strike
0-1: Swinging Strike
0-2: Ball
1-2: Ball
2-2: Ball
3-2: Base on Balls
Batting: RHB Mike Day 0-0: Called Strike
0-1: Ball
1-1: Ball
2-1: Called Strike
2-2: Fielders Choice at 2nd, 5-4 (Groundball, 56, EV 105.6 MPH)
Batting: SHB Emmet Brickowski 0-0: Called Strike
0-1: Fly out, F9 (Flyball, 89D, EV 76.9 MPH)
Pitching: RHP Steve Scott
Batting: LHB Henry Huezo 0-0: Ball
1-0: Ball
2-0: Called Strike
2-1: Foul Ball, location: 2F
2-2: Ball
3-2: TRIPLE (Line Drive, 78XD, EV 100.6 MPH)
Mike Day scores
Batting: RHB Orlando Melendres 0-0: Ball
1-0: Ball
2-0: Called Strike
2-1: Foul Ball, location: 2F
2-2: Ball
3-2: Foul Ball, location: 2F
3-2: Fly out, F7 (Flyball, 78M, EV 84.4 MPH)
Top of the 6th over - 1 run, 1 hit, 0 errors, 1 left on base; Miami Beach 1 - Tijuana 2
BOTTOM OF THE 6TH
Tijuana Toros batting - Pitching for Miami Beach Marlins : RHP Todd Huber
Batting: RHB Jerry Afghani 0-0: Ball
1-0: Swinging Strike
1-1: Ball
2-1: Ball
3-1: Fly out, F8 (Flyball, 8LM, EV 96.9 MPH)
Batting: RHB Tan-ming Kwan 0-0: Ball
1-0: Reached on error, E7 (Flyball, 7, EV 86.2 MPH)
Batting: RHB Mario Diaz 0-0: Ball
1-0: Grounds into double play, 4-6-3 (Groundball, 34, EV 99.4 MPH)
Bottom of the 6th over - 0 runs, 0 hits, 1 error, 0 left on base; Miami Beach 1 - Tijuana 2
TOP OF THE 7TH
Miami Beach Marlins batting - Pitching for Tijuana Toros : RHP Steve Scott
Batting: RHB Scott Talbot 0-0: Swinging Strike
0-1: Foul Ball, location: 2F
0-2: Reached on error, E1 (Groundball, 15S, EV 60.6 MPH)
Pinch Hitting: LHB Luis Ortegon 0-0: Foul Ball, location: 2F
0-1: Foul Ball, location: 2F
0-2: Ball
1-2: Fly out, F8 (Line Drive, 8RM, EV 85.0 MPH)
Batting: SHB Brent King 0-0: Ball
1-0: Ball
2-0: Ball
3-0: Base on Balls
Pinch Hitting: RHB Melvin Nava 0-0: Ball
1-0: Foul Ball, location: 2F
1-1: SINGLE (Groundball, 56, EV 96.2 MPH)
Scott Talbot to third
Brent King to second
Batting: LHB Jeff Hager 0-0: Called Strike
0-1: Foul Ball, location: 2F
0-2: Grounds into fielders choice 4-2 (Groundball, 4, EV 102.5 MPH)
Brent King to third
Melvin Nava to second
Pinch Hitting: RHB Bill Atley 0-0: Called Strike
0-1: Ball
1-1: Ball
2-1: SINGLE (Groundball, 6MD, EV 101.9 MPH)
Brent King scores
Melvin Nava to third
Jeff Hager to second
Runner from 3rd tries for Home, throw by CF and OUT! 8-2
Top of the 7th over - 1 run, 2 hits, 1 error, 2 left on base; Miami Beach 2 - Tijuana 2
BOTTOM OF THE 7TH
Tijuana Toros batting - Pitching for Miami Beach Marlins : RHP Todd Huber
Now at SS: Jose Rolon
Now in LF: Steve Beaulieu
Now in CF: Henry Huezo
Now in RF: Cody Leonard
Batting: RHB Guillermo Puente 0-0: Ball
1-0: Foul Ball, location: 2F
1-1: Foul Ball, location: 2F
1-2: Foul Ball, location: 2F
1-2: Ground out 4-3 (Groundball, 4, EV 88.1 MPH)
Batting: RHB Jesus Herrera 0-0: Called Strike
0-1: Called Strike
0-2: Ground out 6-3 (Groundball, 6, EV 93.8 MPH)
Batting: RHB John Hanson 0-0: Foul Ball, location: 2F
0-1: Swinging Strike
0-2: Ball
1-2: Ball
2-2: Strikes out swinging
Bottom of the 7th over - 0 runs, 0 hits, 0 errors, 0 left on base; Miami Beach 2 - Tijuana 2
TOP OF THE 8TH
Miami Beach Marlins batting - Pitching for Tijuana Toros : RHP Steve Scott
Batting: SHB Emmet Brickowski 0-0: Called Strike
0-1: Swinging Strike
0-2: Ball
1-2: Strikes out swinging
Batting: LHB Henry Huezo 0-0: Ball
1-0: Swinging Strike
1-1: Foul Ball, location: 2F
1-2: Strikes out swinging
Batting: RHB Orlando Melendres 0-0: Foul Ball, location: 2F
0-1: Ball
1-1: Ball
2-1: Ground out 5-3 (Groundball, 56, EV 86.9 MPH)
Top of the 8th over - 0 runs, 0 hits, 0 errors, 0 left on base; Miami Beach 2 - Tijuana 2
BOTTOM OF THE 8TH
Tijuana Toros batting - Pitching for Miami Beach Marlins : RHP Todd Huber
Pitching: RHP Conrad Chasar
Batting: LHB Jose Diaz 0-0: Ball
1-0: Ball
2-0: SINGLE (Line Drive, 9S, EV 102.5 MPH)
Pinch Hitting: RHB Jaylen North 0-0: Called Strike
0-1: Called Strike
0-2: Ball
1-2: Foul Ball, location: 2F
1-2: Ball
2-2: Ball
3-2: Foul Ball, location: 2F
3-2: Foul Ball, location: 2F
3-2: Foul Ball, location: 2F
3-2: Foul Ball, location: 2F
3-2: SINGLE (Groundball, 4D, EV 95.0 MPH)
Jose Diaz to second
Runner from 2nd tries for 3rd, SAFE, throw by CF made to third
Batting: RHB Alex Diaz 0-0: Called Strike
0-1: Foul Ball, location: 2F
0-2: Strikes out swinging
Batting: RHB Jerry Afghani 0-0: Ball
1-0: Ball
2-0: Foul Ball, location: 2F
2-1: Ball
3-1: Foul Ball, location: 2F
3-2: Base on Balls
Jaylen North to second
Batting: RHB Tan-ming Kwan 0-0: Ball
1-0: Ball
2-0: Ball
3-0: Base on Balls
Jose Diaz scores
Jaylen North to third
Jerry Afghani to second
Batting: RHB Mario Diaz 0-0: Ball
1-0: Ball
2-0: Called Strike
2-1: Foul Ball, location: 2F
2-2: Ball
3-2: Fly out, F8 (Flyball, 78M, EV 93.1 MPH)
Batting: RHB Guillermo Puente 0-0: Ball
1-0: Swinging Strike
1-1: Ball
2-1: Called Strike
2-2: SINGLE (Line Drive, 6M, EV 100.0 MPH)
Jaylen North scores
Jerry Afghani to third
Tan-ming Kwan to second
Runner from 3rd tries for Home, SAFE, throw by CF to home
Pitching: RHP Franklin Vazquez
Batting: RHB Jesus Herrera 0-0: Swinging Strike
0-1: Foul Ball, location: 2F
0-2: Ball
1-2: Strikes out swinging
Bottom of the 8th over - 3 runs, 3 hits, 0 errors, 2 left on base; Miami Beach 2 - Tijuana 5
TOP OF THE 9TH
Miami Beach Marlins batting - Pitching for Tijuana Toros : RHP Steve Scott
Pitching: RHP Joe Goodwin
Now at 1B: Guo Kwok
Batting: RHB Scott Talbot 0-0: Swinging Strike
0-1: Foul Ball, location: 2F
0-2: Ball
1-2: Foul Ball, location: 2F
1-2: Ball
2-2: Foul Ball, location: 2F
2-2: Foul Ball, location: 2F
2-2: Ball
3-2: Ground out 6-3 (Groundball, 4M, EV 105.0 MPH)
Batting: RHB Cody Leonard 0-0: Called Strike
0-1: Swinging Strike
0-2: Ball
1-2: Ball
2-2: Ball
3-2: Base on Balls
Batting: SHB Brent King 0-0: Grounds into double play, 5-4-3 (Groundball, 56, EV 101.2 MPH)
Top of the 9th over - 0 runs, 0 hits, 0 errors, 0 left on base; Miami Beach 2 - Tijuana 5
Sunday, July 16th , 2023 - OOTP Baseball 24.6 Build 69